| TOP OF THE 1ST |
|
Denver Bears batting - Pitching for Omaha Storm Chasers : LHP Tom Browning
|
|
Pitching: LHP Tom Browning
|
|
|
Batting: SHB Mitch Webster
|
0-0: Ball 1-0: Ball 2-0: SOLO HOME RUN (Line Drive, 78XD, EV 97.5 MPH), Distance : 449 ft
|
|
Batting: RHB Francis McCann
|
0-0: Ball 1-0: SINGLE (Line Drive, 9LS, EV 107.5 MPH)
|
|
Batting: RHB George A Bell
|
0-0: Ball 1-0: Ball 2-0: Ball 3-0: Base on Balls Francis McCann to second
|
|
Batting: RHB Joe Charboneau
|
0-0: Ball 1-0: Swinging Strike 1-1: Foul Ball, location: 2F 1-2: Ball 2-2: Foul Ball, location: 2F 2-2: Fly out, F7 (Flyball, 7S, EV 93.8 MPH)
|
|
Batting: RHB Juan Alvarez
|
0-0: Foul Ball, location: 2F 0-1: Foul Ball, location: 2F 0-2: Grounds into double play, 6-4-3 (Groundball, 6, EV 97.5 MPH)
|
| Top of the 1st over - 1 run, 2 hits, 0 errors, 1 left on base; Denver 1 - Omaha 0 |
| BOTTOM OF THE 1ST |
|
Omaha Storm Chasers batting - Pitching for Denver Bears : RHP Chris Rentz
|
|
Pitching: RHP Chris Rentz
|
|
|
Batting: RHB Jay Schellin
|
0-0: Foul Ball, location: 2F 0-1: Ball 1-1: Ball 2-1: Fly out, F6 (Line Drive, 6, EV 67.5 MPH)
|
|
Batting: SHB Rafael Landestoy
|
0-0: Ball 1-0: Ball 2-0: Called Strike 2-1: DOUBLE (Line Drive, 9LM, EV 110.0 MPH)
|
|
Batting: RHB Don Money
|
0-0: Ball Rafael Landestoy steals 3rd base (no throw) 1-0: Ball 2-0: Fly out, F8 (Flyball, 8LD, EV 101.3 MPH) Runner from 3rd tags up, OUT at HOME! 8-2
|
| Bottom of the 1st over - 0 runs, 1 hit, 0 errors, 0 left on base; Denver 1 - Omaha 0 |
| TOP OF THE 2ND |
|
Denver Bears batting - Pitching for Omaha Storm Chasers : LHP Tom Browning
|
|
Batting: LHB Larry Donofrio
|
0-0: Foul Ball, location: 2F 0-1: Ball 1-1: Ball 2-1: Ball 3-1: Foul Ball, location: 2F 3-2: Ground out 5-3 (Groundball, 56, EV 98.1 MPH)
|
|
Batting: RHB Gomez Barahona
|
0-0: Foul Ball, location: 2F 0-1: Ball 1-1: Called Strike 1-2: Ground out 6-3 (Groundball, 6, EV 90.6 MPH)
|
|
Batting: LHB Jesus Figueroa
|
0-0: Ball 1-0: Foul Ball, location: 2F 1-1: Ground out 6-3 (Groundball, 6, EV 103.8 MPH)
|
| Top of the 2nd over - 0 runs, 0 hits, 0 errors, 0 left on base; Denver 1 - Omaha 0 |
| BOTTOM OF THE 2ND |
|
Omaha Storm Chasers batting - Pitching for Denver Bears : RHP Chris Rentz
|
|
Batting: LHB Mike LaValliere
|
0-0: Called Strike 0-1: Foul Ball, location: 2F 0-2: Fly out, F6 (Popup, 6S, EV 75.6 MPH)
|
|
Batting: RHB Al Minker
|
0-0: Called Strike 0-1: Ball 1-1: Ball 2-1: Ball 3-1: Swinging Strike 3-2: Fly out, F9 (Flyball, 9, EV 83.1 MPH)
|
|
Batting: RHB Eddie Gates
|
0-0: Called Strike 0-1: Foul Ball, location: 2F 0-2: Ball 1-2: Strikes out swinging
|
| Bottom of the 2nd over - 0 runs, 0 hits, 0 errors, 0 left on base; Denver 1 - Omaha 0 |
| TOP OF THE 3RD |
|
Denver Bears batting - Pitching for Omaha Storm Chasers : LHP Tom Browning
|
|
Batting: RHB Juan Castro
|
0-0: Called Strike 0-1: Ball 1-1: Called Strike 1-2: Ball 2-2: Strikes out looking
|
|
Batting: SHB Mitch Webster
|
0-0: Ball 1-0: Ball 2-0: SINGLE (Line Drive, 56, EV 101.9 MPH)
|
|
Batting: RHB Francis McCann
|
0-0: Called Strike Mitch Webster steals 2nd base 0-1: Swinging Strike 0-2: Strikes out swinging
|
|
Batting: RHB George A Bell
|
0-0: Ball 1-0: Called Strike 1-1: Ground out 5-3 (Groundball, 56, EV 83.8 MPH)
|
| Top of the 3rd over - 0 runs, 1 hit, 0 errors, 1 left on base; Denver 1 - Omaha 0 |
| BOTTOM OF THE 3RD |
|
Omaha Storm Chasers batting - Pitching for Denver Bears : RHP Chris Rentz
|
|
Batting: RHB Mike Allport
|
0-0: Called Strike 0-1: Ground out 5-3 (Groundball, 56S, EV 83.1 MPH)
|
|
Batting: SHB Larry Bowa
|
0-0: Fly out, F6 (Flyball, 56D, EV 88.8 MPH)
|
|
Batting: RHB Odie Davis
|
0-0: Called Strike 0-1: Ball 1-1: SINGLE (Groundball, 56D, EV 95.0 MPH)
|
|
Batting: RHB Jay Schellin
|
0-0: Ball 1-0: Called Strike 1-1: Ball 2-1: Ball 3-1: Base on Balls Odie Davis to second
|
|
Batting: SHB Rafael Landestoy
|
0-0: Fly out, F7 (Flyball, 78S, EV 83.8 MPH)
|
| Bottom of the 3rd over - 0 runs, 1 hit, 0 errors, 2 left on base; Denver 1 - Omaha 0 |
| TOP OF THE 4TH |
|
Denver Bears batting - Pitching for Omaha Storm Chasers : LHP Tom Browning
|
|
Batting: RHB Joe Charboneau
|
0-0: Foul Ball, location: 2F 0-1: Ball 1-1: Fly out, F5 (Line Drive, 5, EV 65.0 MPH)
|
|
Batting: RHB Juan Alvarez
|
0-0: Called Strike 0-1: Swinging Strike 0-2: Ball 1-2: Ball 2-2: Foul Ball, location: 2F 2-2: Strikes out looking
|
|
Batting: LHB Larry Donofrio
|
0-0: Ball 1-0: Called Strike 1-1: SINGLE (Groundball, 6D, EV 98.8 MPH)
|
|
Batting: RHB Gomez Barahona
|
0-0: Called Strike 0-1: Called Strike 0-2: Ground out 5-3 (Groundball, 56, EV 107.5 MPH)
|
| Top of the 4th over - 0 runs, 1 hit, 0 errors, 1 left on base; Denver 1 - Omaha 0 |
| BOTTOM OF THE 4TH |
|
Omaha Storm Chasers batting - Pitching for Denver Bears : RHP Chris Rentz
|
|
Batting: RHB Don Money
|
0-0: Ball 1-0: Ball 2-0: Called Strike 2-1: Foul Ball, location: 2F 2-2: Foul Ball, location: 2F 2-2: Foul Ball, location: 2F 2-2: Fly out, F6 (Popup, 6M, EV 58.1 MPH)
|
|
Batting: LHB Mike LaValliere
|
0-0: Ball 1-0: Ball 2-0: Swinging Strike 2-1: Ball 3-1: Ground out 3-1 (Groundball, 34, EV 83.8 MPH)
|
|
Batting: RHB Al Minker
|
0-0: Foul Ball, location: 2F 0-1: Ball 1-1: Ball 2-1: Ground out 6-3 (Groundball, 6, EV 102.5 MPH)
|
| Bottom of the 4th over - 0 runs, 0 hits, 0 errors, 0 left on base; Denver 1 - Omaha 0 |
| TOP OF THE 5TH |
|
Denver Bears batting - Pitching for Omaha Storm Chasers : LHP Tom Browning
|
|
Batting: LHB Jesus Figueroa
|
0-0: Ball 1-0: Ball 2-0: Called Strike 2-1: Swinging Strike 2-2: Ball 3-2: Ground out U3 (Groundball, 3, EV 85.0 MPH)
|
|
Batting: RHB Juan Castro
|
0-0: Called Strike 0-1: Foul Ball, location: 2F 0-2: Foul Ball, location: 2F 0-2: Foul Ball, location: 2F 0-2: Ball 1-2: Fly out, F8 (Flyball, 89S, EV 91.3 MPH)
|
|
Batting: SHB Mitch Webster
|
0-0: Ball 1-0: Called Strike 1-1: Fly out, F8 (Flyball, 78D, EV 96.3 MPH)
|
| Top of the 5th over - 0 runs, 0 hits, 0 errors, 0 left on base; Denver 1 - Omaha 0 |
| BOTTOM OF THE 5TH |
|
Omaha Storm Chasers batting - Pitching for Denver Bears : RHP Chris Rentz
|
|
Batting: RHB Eddie Gates
|
0-0: Called Strike 0-1: Ball 1-1: Foul Ball, location: 2F 1-2: Strikes out swinging
|
|
Batting: RHB Mike Allport
|
0-0: Called Strike 0-1: Ball 1-1: Ball 2-1: Ball 3-1: Reached on error, E3 (Groundball, 3S, EV 93.8 MPH)
|
|
Batting: SHB Larry Bowa
|
0-0: Called Strike 0-1: Swinging Strike Mike Allport steals 2nd base 0-2: Ground out U3 (Groundball, 34, EV 82.5 MPH) Mike Allport to third
|
|
Batting: RHB Odie Davis
|
0-0: Ball 1-0: Foul Ball, location: 2F 1-1: Foul Ball, location: 2F 1-2: Ball 2-2: Strikes out looking
|
| Bottom of the 5th over - 0 runs, 0 hits, 1 error, 1 left on base; Denver 1 - Omaha 0 |
| TOP OF THE 6TH |
|
Denver Bears batting - Pitching for Omaha Storm Chasers : LHP Tom Browning
|
|
Batting: RHB Francis McCann
|
0-0: Called Strike 0-1: Ball 1-1: Ground out 5-3 (Groundball, 56S, EV 90.6 MPH)
|
|
Batting: RHB George A Bell
|
0-0: SINGLE (Groundball, P, EV 81.3 MPH) (infield hit)
|
|
Batting: RHB Joe Charboneau
|
0-0: Called Strike 0-1: Ball 1-1: Fly out, F9 (Line Drive, 9D, EV 91.3 MPH)
|
|
Batting: RHB Juan Alvarez
|
0-0: Ball 1-0: Ball 2-0: Called Strike 2-1: Foul Ball, location: 2F 2-2: Strikes out swinging
|
| Top of the 6th over - 0 runs, 1 hit, 0 errors, 1 left on base; Denver 1 - Omaha 0 |
| BOTTOM OF THE 6TH |
|
Omaha Storm Chasers batting - Pitching for Denver Bears : RHP Chris Rentz
|
|
Batting: RHB Jay Schellin
|
0-0: Swinging Strike 0-1: Ball 1-1: Foul Ball, location: 2F 1-2: Ball 2-2: Strikes out swinging
|
|
Batting: SHB Rafael Landestoy
|
0-0: Ball 1-0: Called Strike 1-1: Fly out, F9 (Flyball, 9, EV 95.6 MPH)
|
|
Pitching: RHP Eric Show
|
|
|
Batting: RHB Don Money
|
0-0: Ball 1-0: Ball 2-0: Reached on error, E5 (Groundball, 56, EV 86.3 MPH)
|
|
Batting: LHB Mike LaValliere
|
0-0: Ball 1-0: Ball 2-0: Ball 3-0: Called Strike 3-1: Called Strike 3-2: Base on Balls Don Money to second
|
|
Batting: RHB Al Minker
|
0-0: Fly out, F8 (Line Drive, 8LD, EV 98.8 MPH)
|
| Bottom of the 6th over - 0 runs, 0 hits, 1 error, 2 left on base; Denver 1 - Omaha 0 |
| TOP OF THE 7TH |
|
Denver Bears batting - Pitching for Omaha Storm Chasers : LHP Tom Browning
|
|
Batting: LHB Larry Donofrio
|
0-0: Fly out, F8 (Flyball, 8RM, EV 88.8 MPH)
|
|
Batting: RHB Gomez Barahona
|
0-0: Called Strike 0-1: Called Strike 0-2: Foul Ball, location: 2F 0-2: Ground out 6-3 (Groundball, 6, EV 79.4 MPH)
|
|
Batting: LHB Jesus Figueroa
|
0-0: Ground out 5-3 (Groundball, 56, EV 80.6 MPH)
|
| Top of the 7th over - 0 runs, 0 hits, 0 errors, 0 left on base; Denver 1 - Omaha 0 |
| BOTTOM OF THE 7TH |
|
Omaha Storm Chasers batting - Pitching for Denver Bears : RHP Eric Show
|
|
Batting: RHB Eddie Gates
|
0-0: Foul Ball, location: 2F 0-1: Ball 1-1: Foul Ball, location: 2F 1-2: Hit by Pitch
|
|
Batting: RHB Mike Allport
|
0-0: Bunt missed! 0-1: Ball 1-1: Bunted foul 1-2: Ball 2-2: Fly out, F7 (Flyball, 7LS, EV 93.1 MPH)
|
|
Batting: SHB Larry Bowa
|
0-0: Called Strike 0-1: Swinging Strike 0-2: Ball 1-2: Ball 2-2: Ball 3-2: Fielders Choice at 2nd, 4-6 (Groundball, 4D, EV 82.5 MPH)
|
|
Batting: RHB Odie Davis
|
0-0: Ball 1-0: Ball Wild Pitch! Larry Bowa to second 2-0: SINGLE (Line Drive, 34D, EV 96.9 MPH) Larry Bowa to third Runner from 3rd tries for Home, SAFE, throw by RF to home
|
|
Batting: RHB Jay Schellin
|
0-0: Called Strike 0-1: Ball 1-1: Foul Ball, location: 2F 1-2: Ball 2-2: Ball 3-2: Fly out, F7 (Flyball, 78M, EV 84.4 MPH)
|
| Bottom of the 7th over - 1 run, 1 hit, 0 errors, 1 left on base; Denver 1 - Omaha 1 |
| TOP OF THE 8TH |
|
Denver Bears batting - Pitching for Omaha Storm Chasers : LHP Tom Browning
|
|
Batting: RHB Juan Castro
|
0-0: Fly out, F7 (Flyball, 7, EV 80.6 MPH)
|
|
Batting: SHB Mitch Webster
|
0-0: Ball 1-0: Fly out, F9 (Flyball, 9, EV 88.8 MPH)
|
|
Batting: RHB Francis McCann
|
0-0: Fly out, F9 (Flyball, 9S, EV 90.6 MPH)
|
| Top of the 8th over - 0 runs, 0 hits, 0 errors, 0 left on base; Denver 1 - Omaha 1 |
| BOTTOM OF THE 8TH |
|
Omaha Storm Chasers batting - Pitching for Denver Bears : RHP Eric Show
|
|
Batting: SHB Rafael Landestoy
|
0-0: Called Strike 0-1: Called Strike 0-2: Foul Ball, location: 2F 0-2: Fly out, F6 (Popup, 6S, EV 80.0 MPH)
|
|
Batting: RHB Don Money
|
0-0: Called Strike 0-1: Ball 1-1: Ball 2-1: Ground out 1-3 (Groundball, 13, EV 77.5 MPH)
|
|
Batting: LHB Mike LaValliere
|
0-0: Ground out 4-3 (Groundball, 4, EV 85.6 MPH)
|
| Bottom of the 8th over - 0 runs, 0 hits, 0 errors, 0 left on base; Denver 1 - Omaha 1 |
| TOP OF THE 9TH |
|
Denver Bears batting - Pitching for Omaha Storm Chasers : LHP Tom Browning
|
|
Batting: RHB George A Bell
|
0-0: Called Strike 0-1: Called Strike 0-2: Ball 1-2: SOLO HOME RUN (Flyball, 7LD, EV 92.5 MPH), Distance : 348 ft
|
|
Batting: RHB Joe Charboneau
|
0-0: Fly out, F5 (Popup, 56S, EV 80.6 MPH)
|
|
Batting: RHB Juan Alvarez
|
0-0: Ball 1-0: Swinging Strike 1-1: Called Strike 1-2: Ground out 5-3 (Groundball, 56S, EV 86.9 MPH)
|
|
Batting: LHB Larry Donofrio
|
0-0: Called Strike 0-1: Ball 1-1: Ball 2-1: Ball 3-1: Base on Balls
|
|
Batting: RHB Gomez Barahona
|
0-0: Called Strike 0-1: Ball 1-1: Swinging Strike 1-2: Strikes out swinging
|
| Top of the 9th over - 1 run, 1 hit, 0 errors, 1 left on base; Denver 2 - Omaha 1 |
| BOTTOM OF THE 9TH |
|
Omaha Storm Chasers batting - Pitching for Denver Bears : RHP Eric Show
|
|
Pitching: LHP Jake Zorbas
|
|
|
Now at 1B: Frank Lucy
|
|
|
Now in LF: Tom Beyers
|
|
|
Batting: RHB Al Minker
|
0-0: Ball 1-0: Ball 2-0: Called Strike 2-1: Foul Ball, location: 2F 2-2: Ball 3-2: SINGLE (Groundball, 56D, EV 104.4 MPH)
|
|
Batting: RHB Eddie Gates
|
0-0: Called Strike 0-1: Fly out, F6 (Popup, P, EV 85.0 MPH)
|
|
Batting: RHB Mike Allport
|
0-0: Called Strike 0-1: Called Strike 0-2: Ball 1-2: Foul Ball, location: 2F 1-2: SINGLE (Groundball, 4MD, EV 106.3 MPH) Al Minker to second Runner from 2nd tries for 3rd, SAFE, no throw by CF
|
|
Batting: SHB Larry Bowa
|
0-0: Ball 1-0: Called Strike 1-1: Ball 2-1: Called Strike 2-2: Strikes out looking
|
|
Batting: RHB Odie Davis
|
0-0: Called Strike 0-1: Swinging Strike 0-2: Ball 1-2: Ball 2-2: Ball 3-2: Strikes out swinging
|
| Bottom of the 9th over - 0 runs, 2 hits, 0 errors, 2 left on base; Denver 2 - Omaha 1 |
|